 Dungeon Crawl Stone Soup version 0.28-a0-1429-gf3d713df7a (webtiles) character file.

Game seed: 8939034936663282705

128 HallandMoats the Skirmisher (level 5, -3/46 HPs)
             Began as a Ghoul Fighter on Jan 9, 2022.
             Was a Believer of Qazlal.
             Slain by an orc priest (7 damage)
             ... on level 2 of the Dungeon.
             The game lasted 00:02:02 (2175 turns).

HallandMoats the Skirmisher (Ghoul Fighter)         Turns: 2175, Time: 00:02:02

Health: -3/46      AC:  6    Str: 20    XL:     5   Next: 11%
Magic:  5/5        EV:  9    Int:  5    God:    Qazlal [**....]
Gold:   113        SH:  6    Dex:  8    Spells: 4/4 levels left

rFire   . . .      SeeInvis .   b - +0 whip (vamp)
rCold   + . .      Faith    .   c - +0 buckler
rNeg    + + +      Spirit   .   e - +0 scale mail
rPois   ∞          Reflect  .   (no helmet)
rElec   .          Harm     .   (no cloak)
rCorr   .          Rampage  .   (no gloves)
Will    .....                   (no boots)
Stlth   ..........              (no amulet)
HPRegen 0.00/turn               (no ring)
MPRegen 0.09/turn               (no ring)

@: inhibited regen
A: claws 1, cold resistance 1, negative energy resistance 3, inhibited
regeneration, torment resistance 2
a: Renounce Religion, Upheaval


You were on level 2 of the Dungeon.
You worshipped Qazlal.
Qazlal was pleased with you.
You visited 1 branch of the dungeon, and saw 2 of its levels.

You collected 113 gold pieces.

Inventory:

Hand Weapons
 a - a +0 war axe
 b - a +0 vampiric whip (weapon)
Armour
 c - a +0 buckler (worn)
 e - a +0 scale mail (worn)
Scrolls
 f - a scroll of blinking {unknown}
 g - a scroll of identify {unknown}
 h - a scroll of immolation {unknown}
 n - a scroll of enchant armour {unknown}
Potions
 d - 3 potions of might
 i - 2 potions of curing {unknown}
 j - a potion of invisibility {unknown}
 k - 2 potions of mutation {unknown}
 l - a potion of cancellation {unknown}
 m - a potion of attraction {unknown}


   Skills:
 + Level 3.8 Fighting
 + Level 2.2 Axes
 + Level 3.0 Armour
 + Level 1.1 Dodging
 * Level 3.6 Shields
 * Level 1.9 Invocations


You had 4 spell levels left.
You didn't know any spells.
Your spell library contained the following spells:

 Spells                   Type           Power      Damage    Failure   Level
 Magic Dart               Conj           0%         1d3       89%         1
 Call Imp                 Summ           0%         N/A       96%         2
 Mephitic Cloud           Conj/Pois/Air  0%         N/A       99%         3


Dungeon Overview and Level Annotations

Branches:
Dungeon (2/15)

Altars:
Qazlal


Innate Abilities, Weirdness & Mutations

You thrive by killing the living.
You are immune to poison.
You have sharp fingernails.
Your flesh is cold resistant. (rC+)
You are immune to negative energy. (rN+++)
You do not regenerate when monsters are visible.
You are immune to unholy pain and torment.


Message History

The orc priest hits you with a +0 trident.
Items here: )) [ ††.
You hit the orc priest.
The orc priest is moderately wounded.
The orc priest hits you but does no damage.
You hit the orc priest but do no damage.
The orc priest is moderately wounded.
The orc priest closely misses you.
You hit the orc priest but do no damage.
The orc priest is moderately wounded.
The orc priest hits you with a +0 trident.
You barely miss the orc priest.
The orc priest is moderately wounded.
You block the orc priest's attack.
You hit the orc priest but do no damage.
The orc priest is moderately wounded.
The orc priest hits you with a +0 trident.
* * * LOW HITPOINT WARNING * * *
You hit the orc priest but do no damage.
The orc priest is moderately wounded.
The orc priest hits you with a +0 trident.
* * * LOW HITPOINT WARNING * * *
You hit the orc priest.
You feel better.
The orc priest is severely wounded.
The orc priest looks encouraged for a moment.
You hit the orc priest.
The orc priest is almost dead.
The orc priest calls down the wrath of Beogh upon you.
Beogh smites you!
* * * LOW HITPOINT WARNING * * *
You hit the orc priest but do no damage.
The orc priest is almost dead.
The orc priest casts a cantrip, but nothing happens. x2
You hit the orc priest but do no damage.
The orc priest is almost dead.
The orc priest barely misses you.
You barely miss the orc priest.
The orc priest is almost dead.
The orc priest hits you with a +0 trident!
You die...

...##...#
#.#
..##...>#
##.#
.##.....#
#..#
##...####
#.##
##...##
#.#
......#
#.#
##)##.#
#)# #.#
.# #<#
#.# .#
#@# #.#
..
....)..o#
#.# #
#########
##.# ...#
####


You could see an orc priest.

Vanquished Creatures
  Jessica (D:2)
  An orc wizard (D:2)
  A gnoll (D:1)
  A worm (D:2)
  2 dart slugs (D:1)
  2 orcs (D:2)
  2 ball pythons
  6 bats
  3 endoplasms (D:1)
  3 giant cockroaches
  2 hobgoblins (D:2)
  3 quokkas
  5 frilled lizards
  3 goblins (D:1)
  11 kobolds
  3 rats (D:1)
49 creatures vanquished.

Vanquished Creatures (others)
  An orc wizard (D:2)
1 creature vanquished.

Grand Total: 50 creatures vanquished

Notes
Turn   | Place    | Note
-------+----------+-------------------------------------------
     0 | D:1      | HallandMoats the Ghoul Fighter began the quest for the Orb.
     0 | D:1      | Reached XP level 1. HP: 19/19 MP: 0/0
   139 | D:1      | Reached XP level 2. HP: 26/26 MP: 1/1
   361 | D:1      | Found a faded altar of an unknown god.
   604 | D:1      | Prayed at the altar of an unknown god.
   604 | D:1      | Became a worshipper of Qazlal Stormbringer
   604 | D:1      | Reached * piety under Qazlal
   671 | D:1      | Reached XP level 3. HP: 21/31 MP: 2/2
  1193 | D:2      | Noticed Jessica
  1201 | D:2      | Killed Jessica
  1202 | D:2      | Reached skill level 1 in Invocations
  1202 | D:2      | Reached XP level 4. HP: 40/40 MP: 3/3
  1921 | D:2      | Reached skill level 1 in Dodging
  2055 | D:2      | Reached ** piety under Qazlal
  2164 | D:2      | Reached XP level 5. HP: 19/46 MP: 5/5
  2175 | D:2      | Slain by an orc priest

Illustrated notes

Levels and vault maps discovered:
D:1:      kilobyte_arrival_exit_the_forest, layout_loops_ring,
          shapermc_ecumenical_altar_acropolis, st_stairs_5,
          wander_ebering_terrifying_dragon_lair
D:2:      minmay_wonky_spiral, layout_loops_ring, kennysheep_donut, uniq_jessica

Skill      XL: |  1  2  3  4 |
---------------+-------------+-----
Shields        | 3 |  3.6
Axes           | 2 |  2.2
Invocations    | 1 |  1.9
Armour         | 3 |  3.0
Dodging        | 1 |  1.1
Fighting       | |  3.8

Action                   |  1- 3 |  4- 6 || total
-------------------------+-------+-------++-------
Melee: War axe           |    16 |       ||    16
       Whip              |    63 |   118 ||   181
Armor: Scale mail        |    35 |    40 ||    75
Dodge: Dodged            |    33 |    33 ||    66
Block: Buckler           |    16 |    28 ||    44

Table legend: (Time is in decaauts)
 A = Elapsed time spent in this place.
 B = Non-inter-level travel time spent in this place.
 C = Inter-level travel time spent in this place.
 D = Time resting spent in this place.
 E = Time spent auto-exploring this place.
 F = Levels seen in this place.
 G = Mean time per level.
                   A        B        C        D        E       F      G
               +--------+--------+--------+--------+--------+-----+--------+
         Total |   2207 |   2087 |    120 |    219 |   1476 |   2 | 1103.5 |
       Dungeon |   2207 |   2087 |    120 |    219 |   1476 |   2 | 1103.5 |
               +--------+--------+--------+--------+--------+-----+--------+

Top non-repeatable levels by time:
     D:1: 1215 daAuts
     D:2: 991 daAuts
